 Dungeon Crawl Stone Soup version 0.29-a0-857-g9b1aa3ac5b (webtiles) character file.

Game seed: 9609039463328545441

5560 jimonade the Marksant (level 11, -9/87 HPs)
             Began as a Formicid Hunter on July 17, 2022.
             Was a High Priest of Okawaru.
             Mangled by a two-headed ogre
             ... wielding a +0 giant club
              (13 damage)
             ... on level 9 of the Dungeon.
             The game lasted 00:19:58 (9817 turns).

jimonade the Marksant (Formicid Hunter)             Turns: 9817, Time: 00:19:58

Health: -9/87      AC:  7    Str: 21    XL:     11   Next: 2%
Magic:  26/26      EV: 14    Int: 15    God:    Okawaru [*****.]
Gold:   481        SH:  0    Dex: 23    Spells: 18/18 levels left

rFire   + . .      SeeInvis +   a - +2 shortbow (vorpal)
rCold   . . .      Faith    .   (no shield)
rNeg    + . .      Spirit   .   x - +2 robe {Will+}
rPois   .          Reflect  .   (helmet unavailable)
rElec   .          Harm     .   (no cloak)
rCorr   .          Rampage  .   z - +1 pair of gloves
Will    +++..                   e - +0 pair of boots
Stlth   ++........              r - amulet "Zaret" {RegenMP rF+ rN+ Int+3}
HPRegen 0.24/turn               I - ring of Wojutt {Will+ Str+6 Dex+4}
MPRegen 0.60/turn               t - ring of magical power

@: mighty, studying Ranged Weapons
A: permanent stasis, dig shafts and tunnels, antennae 3, four strong arms
a: Dig, Shaft Self, Renounce Religion, Heroism, Finesse, Duel


You were on level 9 of the Dungeon.
You worshipped Okawaru.
Okawaru was extremely pleased with you.
You visited 1 branch of the dungeon, and saw 9 of its levels.

You collected 481 gold pieces.

Inventory:

Hand Weapons
 a - a +2 vorpal shortbow (weapon)
 b - the +1 dagger of Indomitability {venom, +Blink Dex+2}
   (You found it on level 2 of the Dungeon)

   It poisons the flesh of those it strikes.
   Dex:       It affects your dexterity (+2).
   +Blink:    It lets you blink.
 j - a +0 short sword
 n - a +0 long sword
 o - a +0 short sword
 G - a +0 long sword
Missiles
 m - 4 poisoned darts
 K - a throwing net
Armour
 c - a +0 leather armour
 e - a +0 pair of boots (worn)
 i - a +0 chain mail
 l - a +0 scale mail
 x - a +2 robe of willpower (worn)
 y - +0 steam dragon scales
 z - a +1 pair of gloves (worn)
 J - a +0 robe
Jewellery
 r - the amulet "Zaret" (around neck) {RegenMP rF+ rN+ Int+3}
   (You found it on level 7 of the Dungeon)

   [amulet of magic regeneration]

   It increases your rate of magic regeneration.
   Int:       It affects your intelligence (+3).
   rF:        It protects you from fire.
   rN:        It protects you from negative energy.
 t - a ring of magical power (right hand)
 v - a ring of fire
 I - the ring of Wojutt (left hand) {Will+ Str+6 Dex+4}
   (You found it on level 4 of the Dungeon)

   [ring of strength]

   Str:       It affects your strength (+6).
   Dex:       It affects your dexterity (+4).
   Will:      It increases your willpower.
Wands
 L - a wand of roots (7)
Scrolls
 d - a scroll of vulnerability
 s - a scroll of silence {unknown}
 w - a scroll of identify
 D - 2 scrolls of immolation
 F - 2 scrolls of fog
Potions
 f - a potion of invisibility
 g - a potion of might
 h - 2 potions of berserk rage {unknown}
 k - 2 potions of lignification {unknown}
 p - 2 potions of brilliance {unknown}
 q - 5 potions of attraction
 u - 3 potions of curing {unknown}
 A - 2 potions of degeneration {unknown}
 B - a potion of resistance {unknown}
 C - a potion of mutation {unknown}
 E - a potion of haste {unknown}
 H - a potion of magic {unknown}


   Skills:
 + Level 8.4 Fighting
 + Level 15.6 Ranged Weapons
 + Level 4.0 Armour
 + Level 3.2 Dodging
 - Level 1.2 Stealth
 * Level 4.3 Spellcasting
 * Level 0.2 Ice Magic


You had 18 spell levels left.
You didn't know any spells.
Your spell library contained the following spells:

 Spells                   Type           Power      Damage    Failure   Level
 Freeze                   Ice            16%        1d4       16%         1
 Sandblast                Erth           6%         2d5       19%         1
 Passwall                 Tmut/Erth      2%         N/A       26%         2
 Frozen Ramparts          Ice            8%         1d2       43%         3
 Stone Arrow              Conj/Erth      6%         3d7       47%         3
 Hailstorm                Conj/Ice       3%         3d3       86%         4
 Manifold Assault         Tloc           3%         N/A       99%         5
 Storm Form               Tmut/Air       1%         N/A       100%        7
 Blink                    Tloc           Unusable   N/A       N/A         2

Dungeon Overview and Level Annotations

Branches:
Dungeon (9/15)             Temple (0/1) D:7            Lair (0/6) D:8
    Orc: D:9-12

Altars:
Okawaru
Ru
Uskayaw
Wu Jian
The Shining One

Annotations:
D:3 exclusion: downstairs
D:4 exclusion: downstairs


Innate Abilities, Weirdness & Mutations

You cannot be hasted, slowed, berserked, paralysed or teleported.
You can dig through walls and to a lower floor.
You have a pair of large antennae on your head. (SInv)
Your four strong arms can wield two-handed weapons with a shield.


Message History

A two-headed ogre comes into view. It is wielding two +0 giant clubs.
The two-headed ogre shouts in stereo!
You shoot an arrow. The arrow hits the two-headed ogre.
The two-headed ogre is lightly wounded.
You shoot an arrow.
The arrow barely misses the two-headed ogre.
You shoot an arrow. The arrow hits the two-headed ogre.
The two-headed ogre is lightly wounded.
The two-headed ogre closely misses you.
The two-headed ogre hits you with a +0 giant club!
You shoot an arrow. The arrow hits the two-headed ogre.
The two-headed ogre is moderately wounded.
You shoot an arrow. The arrow hits the two-headed ogre.
The two-headed ogre is moderately wounded.
You shoot an arrow. The arrow hits the two-headed ogre.
The two-headed ogre is moderately wounded.
The two-headed ogre barely misses you.
The two-headed ogre hits you with a +0 giant club!!
Fire: a) +2 shortbow (vorpal)
Press: ? - help, Q - select action, (/) - cycle Shift-Dir - straight line, f/p - two-headed ogre
Aim: a two-headed ogre, wielding two +0 giant clubs (moderately wounded, 83% to hit)
You shoot an arrow. The arrow hits the two-headed ogre!
The two-headed ogre is heavily wounded.
You feel very mighty all of a sudden.
The two-headed ogre hits you with a +0 giant club!!
The two-headed ogre misses you.
Fire: a) +2 shortbow (vorpal)
Press: ? - help, Q - select action, (/) - cycle Shift-Dir - straight line, f/p - two-headed ogre
Aim: a two-headed ogre, wielding two +0 giant clubs (heavily wounded, 83% to hit)
You can't see any item there.
Okay, then.
Fire: a) +2 shortbow (vorpal)
Press: ? - help, Q - select action, (/) - cycle Shift-Dir - straight line, f/p - two-headed ogre
Aim: a two-headed ogre, wielding two +0 giant clubs (heavily wounded, 83% to hit)
You shoot an arrow. The arrow hits the two-headed ogre.
The two-headed ogre is heavily wounded.
The two-headed ogre hits you with a +0 giant club!!
* * * LOW HITPOINT WARNING * * *
The two-headed ogre hits you with a +0 giant club!
You die...

.... ..# #..##
.. ####... .#
#....####.#
#.........#
#..#####..###.#.
#..# #[.......
#..#####.####.##
#@O....#.# . .#
#.####.#.#.##..#
#.. #.#.....#
########.......#
#........#######
#.##.#.#.#
#<##.#.#.#
####.#...#
..#####


You could see a two-headed ogre.

Vanquished Creatures
  A hornet (D:7)
  Grinder (D:5)
  7 yaks
  4 wyverns
  A steam dragon (D:8)
  A basilisk (D:8)
  An acid dragon (D:9)
  6 water moccasins
  2 black bears
  2 sky beasts (D:8)
  2 ice beasts (D:6)
  An orc warrior (D:8)
  2 ogres
  A phantom (D:7)
  4 bullfrogs
  A gnoll sergeant (D:8)
  2 necrophages
  5 scorpions
  3 wights (D:7)
  4 killer bees (D:7)
  2 jellies
  3 orc priests
  6 hounds
  Jessica (D:3)
  3 iguanas
  2 orc wizards
  Robin (D:2)
  5 adders
  3 gnolls (D:8)
  A shadow imp (D:8)
  2 worms (D:4)
  A dart slug (D:1)
  13 orcs
  8 endoplasms
  3 giant cockroaches
  13 goblins
  9 hobgoblins
  4 jackals
  2 quokkas
  8 ball pythons
  3 bats
  6 frilled lizards
  9 kobolds
  4 rats
163 creatures vanquished.

Vanquished Creatures (others)
  2 hounds (D:5)
  2 adders (D:5)
  An ufetubus (D:5)
  An orc (D:5)
  5 fungi (D:8)
  14 plants (D:8)
25 creatures vanquished.

Grand Total: 188 creatures vanquished

Notes
Turn   | Place    | Note
-------+----------+-------------------------------------------
     0 | D:1      | jimonade the Formicid Hunter began the quest for the Orb.
     0 | D:1      | Reached XP level 1. HP: 16/16 MP: 1/1
   113 | D:1      | Reached XP level 2. HP: 22/22 MP: 2/2
   371 | D:1      | Reached XP level 3. HP: 28/28 MP: 3/3
   428 | D:1      | Found a faded altar of an unknown god.
  1146 | D:2      | Noticed Robin
  1156 | D:2      | Reached XP level 4. HP: 33/34 MP: 4/4
  1163 | D:2      | Reached skill level 5 in Ranged Weapons
  1175 | D:2      | Killed Robin
  1409 | D:2      | Identified the +1 dagger of Indomitability {venom, +Blink
                  | Dex+2}
  2241 | D:3      | Noticed Jessica
  2245 | D:3      | Killed Jessica
  2246 | D:3      | Reached skill level 1 in Armour
  2246 | D:3      | Reached XP level 5. HP: 41/41 MP: 5/5
  2760 | D:4      | Noticed an ogre
  2851 | D:4      | Found an iron altar of Okawaru.
  3069 | D:4      | Noticed a black bear
  3077 | D:4      | Killed a black bear
  3078 | D:4      | Reached skill level 6 in Ranged Weapons
  3078 | D:4      | Reached XP level 6. HP: 30/48 MP: 6/6
  3215 | D:4      | Identified the ring of Wojutt {Will+ Str+6 Dex+4}
  3594 | D:4      | Killed an ogre
  3858 | D:5      | Entered Level 5 of the Dungeon
  3858 | D:5      | Noticed an ogre
  3866 | D:4      | Reached XP level 7. HP: 52/54 MP: 7/7
  4050 | D:5      | Reached skill level 7 in Ranged Weapons
  4183 | D:5      | Found a glowing golden altar of the Shining One.
  4309 | D:5      | Found a hide-covered altar of Uskayaw.
  4309 | D:5      | Found a sacrificial altar of Ru.
  4380 | D:5      | Noticed Grinder
  4388 | D:5      | Killed Grinder
  4389 | D:5      | Reached skill level 8 in Ranged Weapons
  4389 | D:5      | Reached XP level 8. HP: 61/61 MP: 8/8
  5124 | D:4      | Became a worshipper of Warmaster Okawaru
  5266 | D:5      | Identified a scroll of acquirement
  5266 | D:5      | Acquired a manual of Ranged Weapons
  5350 | D:6      | Reached skill level 5 in Fighting
  5578 | D:6      | Reached skill level 9 in Ranged Weapons
  5798 | D:6      | Reached * piety under Okawaru
  5799 | D:6      | Reached skill level 10 in Ranged Weapons
  5859 | D:6      | Reached XP level 9. HP: 69/69 MP: 9/9
  5982 | D:6      | Reached skill level 11 in Ranged Weapons
  6480 | D:7      | Noticed a hornet
  6502 | D:7      | Killed a hornet
  6502 | D:7      | Reached ** piety under Okawaru
  6503 | D:7      | Reached skill level 12 in Ranged Weapons
  6704 | D:7      | Found a staircase to the Ecumenical Temple.
  6745 | D:7      | Found an ornate altar of the Wu Jian Council.
  7030 | D:7      | Identified the amulet "Zaret" {RegenMP rF+ rN+ Int+3}
  7416 | D:7      | Reached skill level 13 in Ranged Weapons
  7416 | D:7      | Reached skill level 1 in Spellcasting
  7697 | D:8      | Found a staircase to the Lair.
  7711 | D:8      | Reached XP level 10. HP: 79/79 MP: 12/12
  7915 | D:8      | Reached *** piety under Okawaru
  7931 | D:8      | Reached skill level 14 in Ranged Weapons
  8503 | D:8      | Reached **** piety under Okawaru
  8802 | D:7      | Reached skill level 15 in Ranged Weapons
  9414 | D:8      | Reached ***** piety under Okawaru
  9415 | D:8      | Reached XP level 11. HP: 87/87 MP: 17/17
  9807 | D:9      | Noticed a two-headed ogre
  9817 | D:9      | HP: 4/87 [two-headed ogre/+0 giant club (27)]
  9817 | D:9      | Mangled by a two-headed ogre

Illustrated notes

Levels and vault maps discovered:
D:1:      sevenhm_arrival_forest_fort_small_4, layout_loops_ring, serial_glass,
          glass_columns_a, glass_columns_a, basic_ecumenical_altar
D:2:      layout_loops_ring, corexii_hall_statues_deadend,
          chequers_serial_rivers_marsh, uniq_robin
D:3:      layout_basic, dreamdust_wishing_well, uniq_jessica
D:4:      layout_loops_corners, mainiacjoe_overflow_paths,
          dreamdust_princess_corridor
D:5:      layout_loops_cross, lemuel_doored_altar,
          gammafunk_temple_overflow_wave, lemuel_flamethrower_2, uniq_grinder
D:6:      layout_cave_pools
D:7:      layout_loops_ring, old_standard_altar,
          minmay_temple_entry_statues_pillars
D:8:      layout_loops_cross, minmay_lair_entry_grove, grunt_ministairs_4,
          kennysheep_generic_room_4
D:9:      layout_basic, marbit_many_paths, uniq_gastronok

Skill      XL: |  1  2  3  4  5  6  7  8  9 10 |
---------------+-------------------------------+-----
Dodging        | 2 3 |  3.2
Ranged Weapons | 5 6 8 10 13 15 | 15.6
Fighting       | 3 4 5 7 8 |  8.4
Armour         | 1 2 3 4 |  4.0
Spellcasting   | 1 4 |  4.3
Stealth        | |  1.2
Ice Magic      | |  0.2

Action                   |  1- 3 |  4- 6 |  7- 9 | 10-12 || total
-------------------------+-------+-------+-------+-------++-------
 Fire: Shortbow          |    81 |   105 |   240 |   175 ||   601
 Abil: Dig               |       |     4 |       |       ||     4
  Use: Scroll            |       |     2 |    12 |     1 ||    15
       Potion            |       |       |     4 |     1 ||     5
Armor: Leather armour    |     5 |    21 |    39 |     7 ||    72
       Robe              |       |       |       |     1 ||     1
Dodge: Dodged            |    22 |    31 |    62 |    49 ||   164

Table legend: (Time is in decaauts)
 A = Elapsed time spent in this place.
 B = Non-inter-level travel time spent in this place.
 C = Inter-level travel time spent in this place.
 D = Time resting spent in this place.
 E = Time spent auto-exploring this place.
 F = Levels seen in this place.
 G = Mean time per level.
                   A        B        C        D        E       F      G
               +--------+--------+--------+--------+--------+-----+--------+
         Total |   9846 |   9394 |    452 |   2471 |   5035 |   9 | 1094.0 |
       Dungeon |   9846 |   9394 |    452 |   2471 |   5035 |   9 | 1094.0 |
               +--------+--------+--------+--------+--------+-----+--------+

Top non-repeatable levels by time:
     D:7: 2050 daAuts
     D:8: 1593 daAuts
     D:4: 1400 daAuts
     D:5: 1217 daAuts
     D:2: 1067 daAuts
     D:3: 900 daAuts
     D:6: 835 daAuts
     D:1: 745 daAuts
     D:9: 35 daAuts
